AoeStats
← Whitebear

African Clearing

510834208Analyzed
2v2 RM · 6h ago on Oct 2, 2026· 15m 35s· 4 players
Game mode
Random Map
Map size
Medium (4 player)
Population
200
Speed
Normal
Resources
Standard
Victory
Conquest
Starting age
Dark Age
Ending age
Imperial Age
RankedLock teamsTeams togetherTeam positionsShared explorationLock speedFull tech treeHidden civsTurbo modeCheats
Victory
Defeat
🇨🇦 Saxons · Canada
1309
+14
🇩🇪 Varangians · Germany
1260
+16
🇬🇧 Poles · United Kingdom
1254
-15
🇬🇧 Romans · United Kingdom
1253
-15
DORF
13:30 Feudal Age
12:10 Loom
14:02 Double-Bit Axe
13:59 Horse Collar
Pam Beesly
9:35 Loom
12:43 Feudal Age
13:42 Feudal Age
14:07 Man-at-Arms
Timparrussa
9:16 Loom
11:25 Feudal Age
12:34 Double-Bit Axe
12:37 Horse Collar
13:55 Loom
Whitebear
9:19 Loom
12:06 Feudal Age
13:45 Double-Bit Axe
14:26 Town Watch
15:43 Fletching
Connection lost

Rejoining the realm…

Still unreachable

The connection could not be restored.

Session expired

The server has moved on; the page needs a fresh start.